cohdb
Replays
Latest Replays
All Replays
Popular Replays
Top Player Replays
Match Explorer
How It Works
Community
CoH3 Stats
Reddit
Sign in to upload your games and track your stats! →
Sign in with Steam
Match 46655099
Unlisted
Match 46655099
Overview
Messages
Build Orders
End
Construct Section Command Post
Infantry Section
Infantry Section
Infantry Section
Construct Field Infirmary
Infantry Section
Royal Engineer Section
Construct Platoon Command Post
6-pounder Anti-tank Gun Team
Humber Armored Car
Vickers Machine Gun Team
Selects Air and Sea Battlegroup
Selects Supply Surplus
Selects Commando Section Paradrop
Infantry Training
Construct Resource Cache
Construct Resource Cache
Selects Commando Support Section Paradrop
6-pounder Anti-tank Gun Team
Grenade Package
Construct Company Command Post
Commando Section Paradrop
6-pounder Anti-tank Gun Team
_
jeongjae
0
0
Comments
sign in to comment!
No comments posted yet!